[Event "Titled Tuesday Blitz October 18 Late 2022"]
[White "Obrien, Matthew"]
[Black "Bernat, David"]
[WhiteFideId "2059150"]
[BlackFideId "2099225"]
[WhiteElo "2540"]
[BlackElo "2294"]
[Result "1/2-1/2"]
[Round "03"]
[TimeControl "180+1"]
[Date "2022.10.19"]
[WhiteClock "0:00:05"]
[BlackClock "0:00:07"]

1. e4 c5 2. Nf3 g6 3. d4 cxd4 4. Qxd4 Nf6 5. Nc3 Nc6 6. Qa4 d6 7. e5 dxe5 8. Nxe5 Bg7 9. Nxc6 bxc6 10. Qxc6+ Bd7 11. Qa6 O-O 12. Bd3 Qc8 13. O-O Qxa6 14. Bxa6 Rab8 15. a4 Bf5 16. Bd3 Bxd3 17. cxd3 Rfd8 18. Rd1 Rb3 19. Ra3 Rxa3 20. bxa3 Ng4 21. Nb5 a6 22. h3 axb5 23. hxg4 bxa4 24. Bg5 Rd7 25. d4 Rxd4 26. Rxd4 Bxd4 27. Bxe7 f5 28. gxf5 gxf5 29. Kf1 Kf7 30. Bb4 Ke6 31. Ke2 Kd5 32. Kf3 Kc4 33. Kf4 Bxf2 34. Kxf5 Bd4 35. g4 Kb3 36. Kg5 Be3+ 37. Kf6 Bc1 38. Kg7 h6 39. Kg6 Bxa3 40. Bd2 Bf8 41. Bc1 a3 42. Bxa3 Kxa3 43. g5 hxg5 44. Kxg5 1/2-1/2


[Site "https://www.chess.com"]

[Event "Titled Tuesday Blitz October 18 Late 2022"]
[White "Omariev, Maksim"]
[Black "Domingo Nunez, Ruben"]
[WhiteFideId "4193423"]
[BlackFideId "22245570"]
[WhiteElo "2438"]
[BlackElo "2406"]
[Result "0-1"]
[Round "03"]
[TimeControl "180+1"]
[Date "2022.10.19"]
[WhiteClock "0:00:02"]
[BlackClock "0:00:18"]

1. g4 d5 2. Bg2 c6 3. h3 e5 4. d4 h5 5. dxe5 hxg4 6. hxg4 Rxh1 7. Bxh1 Qh4 8. Bg2 Bxg4 9. Qd4 Nh6 10. Nf3 Qh5 11. Bf4 Nd7 12. Nbd2 Nc5 13. Bxh6 gxh6 14. O-O-O Ne6 15. Qa4 Bc5 16. Rh1 Qg6 17. e3 O-O-O 18. Nh4 Qg7 19. Ndf3 Kb8 20. Rg1 h5 21. Bh3 Rg8 22. Nh2 Qxe5 23. Nxg4 hxg4 24. Rxg4 Rh8 25. Nf3 Qf6 26. Rg3 Bd6 27. Bxe6 fxe6 0-1


[Site "https://www.chess.com"]

[Event "Titled Tuesday Blitz October 18 Late 2022"]
[White "Onslow, Alfie"]
[Black "Karas, Marek"]
[WhiteFideId "436976"]
[BlackFideId "14928558"]
[WhiteElo "2015"]
[BlackElo "2220"]
[Result "0-1"]
[Round "03"]
[TimeControl "180+1"]
[Date "2022.10.19"]
[WhiteClock "0:00:04"]
[BlackClock "0:00:40"]

1. e4 c5 2. Nc3 a6 3. Nf3 e6 4. g3 b5 5. Bg2 Bb7 6. O-O d6 7. d4 cxd4 8. Nxd4 Nf6 9. a3 Qc7 10. Re1 Be7 11. Be3 Nc6 12. Nxc6 Bxc6 13. Bd4 O-O 14. h3 Qb7 15. Qd3 Nd7 16. b4 Ne5 17. Bxe5 dxe5 18. g4 Rfd8 19. Qg3 Qc7 20. Nd1 Bb7 21. Ne3 Qc3 22. h4 Rac8 23. g5 a5 24. bxa5 Bxa3 25. h5 Bb2 26. Rab1 Qxa5 27. g6 fxg6 28. hxg6 h6 29. Red1 Bd4 30. Qg4 Re8 31. Bh3 Bxe3 32. fxe3 Rxc2 33. Rd7 Qb6 34. Qf3 Rf8 35. Rf7 Rcc8 36. Rxb7 Qxb7 37. Bxe6+ Kh8 38. Qg3 Qxe4 39. Rd1 Rcd8 40. Rxd8 Rxd8 41. Qf2 Qxg6+ 0-1


[Site "https://www.chess.com"]

[Event "Titled Tuesday Blitz October 18 Late 2022"]
[White "Osmak, Yuliia"]
[Black "Dzierzak, Radoslaw"]
[WhiteFideId "14101602"]
[BlackFideId "1161407"]
[WhiteElo "2328"]
[BlackElo "2111"]
[Result "1-0"]
[Round "03"]
[TimeControl "180+1"]
[Date "2022.10.19"]
[WhiteClock "0:00:45"]
[BlackClock "0:00:08"]

1. d4 Nf6 2. c4 e6 3. Nc3 Bb4 4. e3 O-O 5. Bd2 d5 6. Nf3 b6 7. cxd5 exd5 8. Rc1 a6 9. Bd3 Nbd7 10. O-O Bd6 11. e4 dxe4 12. Nxe4 Nxe4 13. Bxe4 Rb8 14. Re1 h6 15. Bb1 Bb7 16. Qc2 Nf6 17. Ne5 Bxe5 18. dxe5 Qd5 19. f3 Qd4+ 20. Kh1 Rbd8 21. exf6 g6 22. Bxh6 Rfe8 23. Rxe8+ Rxe8 24. Bg5 Qe5 25. Qd2 c5 26. Bh4 Qh5 27. Qg5 Re2 28. Qxh5 gxh5 29. Re1 Rxe1+ 30. Bxe1 Bd5 31. a3 Kf8 32. Kg1 Ke8 33. Kf2 Kd7 34. Ke3 Ke6 35. Bh4 b5 36. Be4 Bc4 37. g4 b4 38. gxh5 bxa3 39. bxa3 1-0


[Site "https://www.chess.com"]

[Event "Titled Tuesday Blitz October 18 Late 2022"]
[White "Ovezdurdyyeva, Jemal"]
[Black "Tomaszewski, Kacper"]
[WhiteFideId "14001888"]
[BlackFideId "1127373"]
[WhiteElo "1961"]
[BlackElo "2211"]
[Result "1-0"]
[Round "03"]
[TimeControl "180+1"]
[Date "2022.10.19"]
[WhiteClock "0:00:38"]
[BlackClock "0:00:01"]

1. e4 c5 2. Nf3 e6 3. c3 Nf6 4. Bd3 d5 5. exd5 Nxd5 6. Bc2 Nc6 7. O-O g6 8. d4 cxd4 9. cxd4 Bg7 10. a3 O-O 11. Nc3 b6 12. Bg5 Qd6 13. Qd2 Nxc3 14. bxc3 Na5 15. Be4 Bb7 16. Bxb7 Nxb7 17. Bh6 Rac8 18. Bxg7 Kxg7 19. Ng5 Na5 20. Ne4 Qd5 21. Rfe1 Nb3 22. Qf4 Nxa1 23. Rxa1 f5 24. Ng5 h6 25. Nf3 Rxc3 26. Rc1 Rfc8 27. Rxc3 Rxc3 28. h4 Rc6 29. Ne5 Rc4 30. Qg3 g5 31. hxg5 Rc1+ 32. Kh2 h5 33. Nf3 Qc4 34. Qe5+ Kg8 35. Qf6 Qc7+ 36. g3 h4 37. Nxh4 Qb7 38. Qxe6+ Kg7 39. Nxf5+ 1-0


[Site "https://www.chess.com"]

[Event "Titled Tuesday Blitz October 18 Late 2022"]
[White "Ozalp, Burak"]
[Black "Zakaryan, David"]
[WhiteFideId "6314210"]
[BlackFideId "24101923"]
[WhiteElo "2106"]
[BlackElo "2409"]
[Result "0-1"]
[Round "03"]
[TimeControl "180+1"]
[Date "2022.10.19"]
[WhiteClock "0:00:07"]
[BlackClock "0:01:40"]

1. e4 g6 2. d4 Bg7 3. Nf3 c6 4. Bd3 d5 5. Nbd2 dxe4 6. Nxe4 Nf6 7. Nxf6+ exf6 8. O-O O-O 9. Re1 Bg4 10. c3 Na6 11. h3 Be6 12. Bf4 Nc7 13. Qd2 Qd7 14. Bh6 Rad8 15. Bxg7 Kxg7 16. Qc2 Nd5 17. Bc4 Bxh3 18. Bxd5 Qxd5 19. Qe4 Qxe4 20. Rxe4 Bf5 21. Re7 Rd7 22. Rae1 Rfd8 23. Nh4 Bg4 24. f3 Rxe7 25. Rxe7 Bd7 26. f4 Kf8 27. Re3 Bg4 28. Kf2 Rd5 29. g3 Rb5 30. b4 a5 31. a3 Rh5 32. Kg2 Be6 33. Nf3 axb4 34. axb4 Bd5 35. g4 Rh4 36. Kg3 Rh1 37. Nd2 b5 38. Re2 h5 39. gxh5 Rxh5 40. Nf1 Be6 41. Ne3 Rh3+ 42. Kf2 g5 43. f5 Bc4 44. Re1 Kg7 45. Kg2 Rh8 46. Kg3 Ra8 47. Ng2 Ra2 48. Re3 Bd5 49. Ne1 Kh6 50. Nf3 Bxf3 51. Kxf3 Rc2 52. Rd3 Kh5 53. Kg3 g4 54. Re3 Kg5 55. Rd3 Kxf5 0-1


[Site "https://www.chess.com"]

[Event "Titled Tuesday Blitz October 18 Late 2022"]
[White "Ozates, Tuna"]
[Black "Roque Sola, Jose Luis"]
[WhiteFideId "6354521"]
[BlackFideId "5120390"]
[WhiteElo "2151"]
[BlackElo "2117"]
[Result "1-0"]
[Round "03"]
[TimeControl "180+1"]
[Date "2022.10.19"]
[WhiteClock "0:00:46"]
[BlackClock "0:00:02"]

1. d4 Nf6 2. Bg5 h6 3. Bxf6 exf6 4. e3 d5 5. g3 Bd6 6. Bg2 c6 7. Nd2 O-O 8. c4 dxc4 9. Ne2 Be6 10. O-O Na6 11. a3 Nc7 12. Qc2 Qd7 13. Nxc4 Be7 14. Nf4 Bxc4 15. Qxc4 Bd6 16. Nd3 Ne6 17. Rfd1 Ng5 18. h4 Nh3+ 19. Kh2 Nxf2 20. Nxf2 Qc7 21. Ne4 Rfe8 22. Rac1 Bxg3+ 23. Nxg3 Rxe3 24. Rc3 Qxg3+ 25. Kg1 Rxc3 26. bxc3 Qxh4 27. Rb1 Rb8 28. Qc5 Qg4 29. Re1 Qg3 30. Re2 Qd3 31. Qxa7 Qxe2 32. Qxb8+ Kh7 33. Qg3 1-0


[Site "https://www.chess.com"]

[Event "Titled Tuesday Blitz October 18 Late 2022"]
[White "Ozdemir, Serhan Berat"]
[Black "Rego, Pedro Filipe"]
[WhiteFideId "6374611"]
[BlackFideId "1904310"]
[WhiteElo "2016"]
[BlackElo "2200"]
[Result "1-0"]
[Round "03"]
[TimeControl "180+1"]
[Date "2022.10.19"]
[WhiteClock "0:00:40"]
[BlackClock "0:00:10"]

1. e4 c5 2. Nf3 d6 3. d4 cxd4 4. Nxd4 Nf6 5. Nc3 Nc6 6. Bg5 e6 7. Qd2 a6 8. O-O-O Bd7 9. f4 h6 10. Bh4 Nxe4 11. Nxe4 Qxh4 12. Nf3 Qe7 13. Nxd6+ Qxd6 14. Qxd6 Bxd6 15. Rxd6 Ke7 16. Rd2 Rhd8 17. g3 Nb4 18. a3 Bc6 19. Bg2 Rxd2 20. Kxd2 Rd8+ 21. Kc1 Bxf3 22. Bxf3 Nd5 23. Rd1 b5 24. Bxd5 exd5 25. Kd2 Kd6 26. Re1 Rd7 27. Kd3 a5 28. Re8 Rb7 29. Kd4 b4 30. Rd8+ Ke7 31. Rxd5 bxa3 32. bxa3 Rb2 33. Kc3 Rb1 34. Rxa5 Rh1 35. Re5+ Kd6 36. Re2 Rb1 37. a4 g5 38. fxg5 hxg5 39. Rf2 Ke6 40. Re2+ Kd6 41. Re8 f5 42. Rf8 Ke5 43. Re8+ Kd5 44. Rg8 g4 45. Re8 Rh1 46. Re2 Rb1 47. Kd3 Ra1 48. c4+ Kc5 49. Re5+ Kb4 50. Rb5+ Kxa4 51. Rxf5 Rh1 52. Rf2 Kb4 53. Ke4 Kxc4 54. Kf4 Kd4 55. Kxg4 Ke3 56. Ra2 Rc1 57. h4 Rc4+ 58. Kh3 Kf3 59. Ra3+ Ke4 60. Ra8 Rc1 61. Rf8 Ke5 62. h5 Rh1+ 63. Kg4 Ke6 64. Kg5 Ke7 65. Rf4 Rg1 66. g4 Ke6 67. h6 Ke5 68. Rf5+ Ke6 69. h7 Rh1 70. Kg6 Rh4 71. Rh5 Rxg4+ 72. Kh6 1-0


[Site "https://www.chess.com"]

[Event "Titled Tuesday Blitz October 18 Late 2022"]
[White "Ozer, Omer Faruk"]
[Black "Ozen, Batuhan"]
[WhiteFideId "6354564"]
[BlackFideId "6345123"]
[WhiteElo "2260"]
[BlackElo "2410"]
[Result "1-0"]
[Round "03"]
[TimeControl "180+1"]
[Date "2022.10.19"]
[WhiteClock "0:01:31"]
[BlackClock "0:00:18"]

1. d4 Nf6 2. Nf3 c5 3. d5 d6 4. Nc3 e5 5. a4 Be7 6. Nd2 O-O 7. e4 Ne8 8. Bd3 Bg5 9. O-O g6 10. g3 Bxd2 11. Bxd2 Ng7 12. f4 Nd7 13. f5 f6 14. h4 Rb8 15. Kh2 a6 16. a5 b5 17. axb6 Nxb6 18. b3 c4 19. bxc4 Qc7 20. Qe2 Nd7 21. Be3 Nc5 22. Bxc5 Qxc5 23. Na4 Qc7 24. Qe3 Bd7 25. c5 Bxa4 26. Rxa4 dxc5 27. Rxa6 gxf5 28. exf5 c4 29. Rc6 Qd7 30. Be4 Rfc8 31. Rxf6 Rb2 32. Rh6 1-0


[Site "https://www.chess.com"]

[Event "Titled Tuesday Blitz October 18 Late 2022"]
[White "P., Komal Kishore"]
[Black "Lorenzo De La Riva, Lazaro"]
[WhiteFideId "5016703"]
[BlackFideId "2268809"]
[WhiteElo "2108"]
[BlackElo "2325"]
[Result "0-1"]
[Round "03"]
[TimeControl "180+1"]
[Date "2022.10.19"]
[WhiteClock "0:00:03"]
[BlackClock "0:01:15"]

1. e4 e5 2. Nf3 Nc6 3. Bb5 a6 4. Ba4 d6 5. O-O Bg4 6. h3 h5 7. c3 Qf6 8. Bxc6+ bxc6 9. d4 Bxf3 10. Qxf3 Qxf3 11. gxf3 Ne7 12. Na3 Ng6 13. Nc4 f6 14. d5 cxd5 15. exd5 Nh4 16. f4 g5 17. fxg5 fxg5 18. f3 Be7 19. Na5 Kd7 20. Kf2 Raf8 21. Ke2 Rf5 22. Nc6 Rhf8 23. Be3 Nxf3 24. b4 g4 25. hxg4 hxg4 26. Rh1 g3 27. Rh7 R5f7 28. Rxf7 Rxf7 29. Kf1 Nh4+ 30. Kg1 Rg7 31. Rf1 g2 32. Rf2 Rg3 33. Bd2 Nf3+ 34. Rxf3 Rxf3 35. Kxg2 Rd3 36. Be1 Bg5 37. Nb8+ Kc8 38. Nxa6 Rxd5 39. c4 Rd1 40. Kf1 Bh4 0-1


[Site "https://www.chess.com"]

[Event "Titled Tuesday Blitz October 18 Late 2022"]
[White "Pakleza, Zbigniew"]
[Black "Abdyzhapar, Asylbek"]
[WhiteFideId "1119290"]
[BlackFideId "13800337"]
[WhiteElo "2411"]
[BlackElo "2323"]
[Result "1-0"]
[Round "03"]
[TimeControl "180+1"]
[Date "2022.10.18"]
[WhiteClock "0:02:29"]
[BlackClock "0:02:18"]

1. d4 Nf6 2. Nf3 g6 3. Bf4 Bg7 4. e3 O-O 5. Be2 d6 6. h3 Nbd7 7. O-O c6 8. c4 a6 9. Nc3 Re8 10. a3 b5 11. Rc1 Bb7 12. Bh2 e5 13. b4 e4 14. Nd2 d5 15. cxd5 cxd5 16. Nb3 Nb6 17. Nxb5 Nc4 18. Nc7 Nxa3 19. Na5 Qc8 20. Nxe8 Qxe8 1-0


[Site "https://www.chess.com"]

[Event "Titled Tuesday Blitz October 18 Late 2022"]
[White "Papayan, Oleg"]
[Black "Izuzquiza Gonzalez, Javier"]
[WhiteFideId "4193911"]
[BlackFideId "3101029"]
[WhiteElo "2153"]
[BlackElo "2034"]
[Result "1-0"]
[Round "03"]
[TimeControl "180+1"]
[Date "2022.10.19"]
[WhiteClock "0:00:11"]
[BlackClock "0:00:09"]

1. e4 c5 2. Nf3 e6 3. d4 cxd4 4. Nxd4 a6 5. Bd3 Nf6 6. O-O Qc7 7. Qe2 d6 8. c4 g6 9. Nc3 Bg7 10. Bg5 O-O 11. Kh1 Nc6 12. Nxc6 bxc6 13. f4 Re8 14. Rae1 Nd7 15. Qf2 Rb8 16. f5 exf5 17. exf5 Ne5 18. f6 Bf8 19. Qh4 Be6 20. Bh6 Kh8 21. Bxf8 Rxf8 22. Qh6 Rg8 23. Rf4 Ng4 24. Qg5 h6 25. Qh4 g5 26. Qh5 gxf4 27. Ne4 d5 28. h3 dxe4 29. hxg4 exd3 30. Qxh6# 1-0


[Site "https://www.chess.com"]

[Event "Titled Tuesday Blitz October 18 Late 2022"]
[White "Papp, Petra"]
[Black "Gonzalez Vega, Alejandro"]
[WhiteFideId "739049"]
[BlackFideId "3510042"]
[WhiteElo "2259"]
[BlackElo "2260"]
[Result "1-0"]
[Round "03"]
[TimeControl "180+1"]
[Date "2022.10.19"]
[WhiteClock "0:00:54"]
[BlackClock "0:00:02"]

1. d4 d5 2. Bf4 Nf6 3. e3 c5 4. c3 Nc6 5. Nd2 Bf5 6. Qb3 Qb6 7. dxc5 Qxb3 8. axb3 e5 9. Bg3 Bxc5 10. b4 Bd6 11. Ngf3 Nh5 12. Be2 Nxg3 13. hxg3 f6 14. Nb3 Kf7 15. Nfd2 Bg6 16. g4 h6 17. f3 Rhd8 18. Kf2 a6 19. Nc5 Bxc5 20. bxc5 d4 21. cxd4 exd4 22. Bc4+ Kf8 23. e4 Ne5 24. b4 Bf7 25. Bxf7 Kxf7 26. Kg3 d3 27. f4 Nc6 28. Rhb1 Nd4 29. Nc4 Nb5 30. Nb6 Rab8 31. Nd5 Rbc8 32. Rd1 Rc6 33. Rxd3 g6 34. Rad1 Rd7 35. Nb6 Rxd3+ 36. Rxd3 Rc7 37. e5 Na7 38. Rd6 fxe5 39. fxe5 Nc6 40. Nd5 Rc8 41. Kf4 1-0


[Site "https://www.chess.com"]

[Event "Titled Tuesday Blitz October 18 Late 2022"]
[White "Paravyan, David"]
[Black "Koziorowicz, Michal"]
[WhiteFideId "4194985"]
[BlackFideId "21809194"]
[WhiteElo "2555"]
[BlackElo "2220"]
[Result "0-1"]
[Round "03"]
[TimeControl "180+1"]
[Date "2022.10.18"]
[WhiteClock "0:00:00"]
[BlackClock "0:00:15"]

1. e4 c5 2. Nf3 d6 3. d4 cxd4 4. Nxd4 Nf6 5. Nc3 g6 6. Be3 Bg7 7. f3 O-O 8. Bc4 Nc6 9. Bb3 Bd7 10. h4 h5 11. Qd2 Rc8 12. O-O-O Ne5 13. Bg5 Rc5 14. g4 hxg4 15. h5 Nxh5 16. Nd5 Re8 17. Rxh5 gxh5 18. Qh2 gxf3 19. Qxh5 Bg4 20. Qh4 f2 21. Rh1 Qa5 22. c3 Qa6 23. Ne3 Qd3 24. Bc2 Rxc3 25. bxc3 Qxc3 26. Kb1 Nd3 27. Qh7+ Kf8 28. Bxd3 Qxd4 29. Qxg7+ Kxg7 30. Bh6+ Kg8 31. Bc2 Bf3 0-1


[Site "https://www.chess.com"]

[Event "Titled Tuesday Blitz October 18 Late 2022"]
[White "Pham, Khoi"]
[Black "Barria Zuniga, Daniel"]
[WhiteFideId "1054988"]
[BlackFideId "3400816"]
[WhiteElo "2456"]
[BlackElo "2414"]
[Result "0-1"]
[Round "03"]
[TimeControl "180+1"]
[Date "2022.10.19"]
[WhiteClock "0:00:17"]
[BlackClock "0:01:17"]

1. d4 g6 2. e4 Bg7 3. c4 c5 4. d5 e6 5. Nc3 exd5 6. cxd5 d6 7. f4 a6 8. Nf3 b5 9. a4 b4 10. Nb1 Nf6 11. Nbd2 O-O 12. Bd3 a5 13. O-O Ba6 14. Qc2 Bxd3 15. Qxd3 Nbd7 16. Nc4 Nb6 17. Nfd2 Ng4 18. Nb3 Nxc4 19. Qxc4 Re8 20. h3 Nf6 21. Re1 Nd7 22. Qd3 Qb6 23. Be3 Bxb2 24. Rab1 Bc3 25. Nd2 Bxd2 26. Qxd2 Rxe4 27. Bf2 Rae8 28. Rxe4 Rxe4 29. f5 Qd8 30. fxg6 hxg6 31. Qd3 Nf6 32. Rf1 c4 33. Qf3 c3 34. Be3 Rxe3 35. Qxe3 Nxd5 36. Qf3 Nf6 37. g4 Qe7 38. g5 Ne4 39. h4 b3 40. Re1 d5 41. Qd3 Qc5+ 0-1


[Site "https://www.chess.com"]

[Event "Titled Tuesday Blitz October 18 Late 2022"]
[White "Pinheiro, Iung Alicio de O."]
[Black "Baches Garcia, Guillermo"]
[WhiteFideId "2104350"]
[BlackFideId "2209764"]
[WhiteElo "2283"]
[BlackElo "2432"]
[Result "0-1"]
[Round "03"]
[TimeControl "180+1"]
[Date "2022.10.19"]
[WhiteClock "0:00:08"]
[BlackClock "0:00:20"]

1. e4 c5 2. Nf3 d6 3. Nc3 Nf6 4. e5 dxe5 5. Nxe5 e6 6. Bb5+ Nbd7 7. d4 a6 8. Bxd7+ Bxd7 9. Be3 c4 10. Nxc4 Bb4 11. Ne5 O-O 12. O-O Bxc3 13. bxc3 Bc6 14. c4 Nd7 15. Nf3 b5 16. d5 Bb7 17. dxe6 fxe6 18. Ng5 Qe7 19. Qh5 h6 20. Nh3 Nf6 21. Qh4 bxc4 22. Qxc4 Rac8 23. Qe2 Nd5 24. Bd4 Nf4 25. Nxf4 Rxf4 26. Be5 Re4 27. Qh5 Rc5 28. f4 Rxc2 29. Kh1 Rxg2 30. Rab1 Ree2 31. Rxb7 Qxb7 32. Qf3 Rxh2+ 33. Kg1 Reg2+ 0-1


[Site "https://www.chess.com"]

[Event "Titled Tuesday Blitz October 18 Late 2022"]
[White "Poltorak, Sebastian"]
[Black "Bayo Milagro, Alvaro"]
[WhiteFideId "1199498"]
[BlackFideId "22275240"]
[WhiteElo "2527"]
[BlackElo "2623"]
[Result "0-1"]
[Round "03"]
[TimeControl "180+1"]
[Date "2022.10.19"]
[WhiteClock "0:00:08"]
[BlackClock "0:00:06"]

1. d4 Nf6 2. c4 c5 3. d5 e5 4. Nc3 d6 5. e4 Be7 6. Bd3 Nbd7 7. Nge2 Nf8 8. O-O Ng6 9. f4 exf4 10. Bxf4 Nxf4 11. Nxf4 O-O 12. Qc2 h6 13. Rae1 Ng4 14. h3 Ne5 15. b3 a6 16. Be2 Rb8 17. Nd3 Bf6 18. Nd1 b5 19. Nxe5 Bxe5 20. Nf2 Qh4 21. Nh1 Bd4+ 22. Kh2 bxc4 23. Bxc4 a5 24. a4 Bd7 25. Qd2 Rbe8 26. Qd3 f5 27. g3 Qg5 28. Bb5 fxe4 29. Rxf8+ Rxf8 30. Qxe4 Bf5 31. Qg2 Be5 32. Nf2 h5 33. Kh1 Qxg3 34. Qxg3 Bxg3 35. Rf1 Bc2 36. Kg2 Bxf2 37. Rxf2 Rxf2+ 38. Kxf2 Bxb3 39. Bc6 Kf7 40. Ke3 Kf6 41. Kd3 h4 42. Kc3 Ba2 43. Kb2 Bc4 44. Kc3 Bf1 45. Bb5 Bxh3 46. Be2 Ke5 47. Kc4 Bd7 48. Bd1 g5 49. Bf3 g4 50. Bh1 h3 51. Kd3 g3 52. Ke3 g2 53. Kf2 gxh1=Q 54. Kg3 Qg2+ 55. Kh4 h2 56. Kh5 h1=Q# 0-1


[Site "https://www.chess.com"]

[Event "Titled Tuesday Blitz October 18 Late 2022"]
[White "Przybylski, Wojciech"]
[Black "Goltsev, Dmitry"]
[WhiteFideId "1117599"]
[BlackFideId "24176710"]
[WhiteElo "2467"]
[BlackElo "2689"]
[Result "0-1"]
[Round "03"]
[TimeControl "180+1"]
[Date "2022.10.19"]
[WhiteClock "0:00:04"]
[BlackClock "0:01:49"]

1. e4 e6 2. d4 d5 3. Nc3 c5 4. exd5 exd5 5. Nf3 Nf6 6. h3 Nc6 7. Be3 cxd4 8. Nxd4 Bb4 9. Bb5 O-O 10. O-O Ne5 11. Nce2 Ne4 12. c3 Bd6 13. Nf4 Bc7 14. Qh5 Qd6 15. Nf5 Bxf5 16. Rad1 Bg6 17. Qe2 Nf6 18. c4 Rad8 19. cxd5 a6 20. Ba4 b5 21. Bb3 Rfe8 22. Rc1 Bb6 23. Nxg6 hxg6 24. Bf4 Bc7 25. Rc6 Nxc6 26. Qxe8+ Nxe8 27. Bxd6 Rxd6 28. dxc6 Rxc6 29. Rd1 Nf6 30. g3 Bb6 31. Kg2 Ne4 32. Re1 Nd6 33. Re7 g5 34. Rd7 Bc5 35. Bd5 Rc8 36. Rb7 Nxb7 37. Bxb7 Rd8 38. Bxa6 Rd2 39. Bxb5 Rxb2 40. a4 Rxf2+ 41. Kh1 Rb2 42. h4 Bd6 43. hxg5 Bxg3 44. Bc6 Kf8 45. a5 Ra2 46. a6 Rxa6 47. Bb7 Ra2 48. Bd5 Rh2+ 49. Kg1 Rd2 50. Be4 f6 51. g6 Ke7 52. Bf5 Kd6 0-1


[Site "https://www.chess.com"]

[Event "Titled Tuesday Blitz October 18 Late 2022"]
[White "Pultinevicius, Paulius"]
[Black "Lizak, Peter"]
[WhiteFideId "12809390"]
[BlackFideId "731595"]
[WhiteElo "2500"]
[BlackElo "2420"]
[Result "1/2-1/2"]
[Round "03"]
[TimeControl "180+1"]
[Date "2022.10.18"]
[WhiteClock "0:00:07"]
[BlackClock "0:00:12"]

1. d4 Nf6 2. c4 c5 3. Nf3 cxd4 4. Nxd4 e5 5. Nf3 Nc6 6. Nc3 Bb4 7. Bd2 d5 8. cxd5 Nxd5 9. Nxd5 Qxd5 10. Bxb4 Qxd1+ 11. Rxd1 Nxb4 12. Nxe5 Bf5 13. a3 Nc2+ 14. Kd2 O-O-O+ 15. Nd3 Bxd3 16. exd3 Nd4 17. Be2 Rhe8 18. Rhe1 f5 19. Bh5 g6 20. Rxe8 Rxe8 21. Rc1+ Kd7 22. Bd1 Kd6 23. Rc4 Ne6 24. Bf3 Re7 25. h4 Ke5 26. Kc3 Rd7 27. d4+ Nxd4 28. Rc5+ Kf6 29. Rd5 Rxd5 30. Bxd5 Nb5+ 31. Kb4 Nd6 32. Kc5 Ke7 33. a4 h6 34. f4 Kd7 35. a5 Kc7 36. Kd4 Kd7 37. Ke5 Ke7 38. b4 b6 39. a6 Nb5 40. h5 gxh5 41. Kxf5 Nd4+ 42. Kg6 Kd6 43. Bg8 Nc6 44. b5 Nd4 45. Bc4 Ke7 46. f5 Kf8 47. f6 Nc2 48. Bd3 Ne3 49. g3 Ng4 50. Kxh5 Nxf6+ 51. Kxh6 Nd5 52. Kg5 Ke7 53. Kf5 Nb4 54. Be4 Na2 55. Ke5 Nc3 56. Bd3 Nd1 57. g4 Nf2 58. Be2 Nh3 59. Kf5 Kf7 60. g5 Nf2 61. g6+ Kg7 62. Ke5 Kxg6 63. Kd6 Kf6 64. Kc6 Ke7 65. Kb7 Kd8 66. Bf1 Ne4 67. Kc6 Nc3 68. Bh3 Ne2 69. Bg4 Nd4+ 70. Kb7 Nxb5 71. Be2 Nd6+ 72. Kc6 Ne4 73. Bf1 Nc5 74. Bb5 Kc8 75. Bf1 Kb8 76. Kb5 Ne6 77. Kc6 Nd8+ 78. Kd7 Nf7 79. Ke6 Ng5+ 80. Kd5 Nf7 81. Be2 Nd8 82. Kd6 Nf7+ 83. Kd5 Kc7 84. Bh5 Nd8 85. Be2 Nc6 86. Bb5 Nd8 87. Be2 Nf7 88. Bb5 Nd6 89. Bf1 Nf5 90. Bd3 Ne7+ 91. Ke6 Nc6 92. Bf1 b5 93. Kd5 Kb6 94. Ke4 Nb4 95. Kd4 Nxa6 96. Kc3 Nc5 97. Kb2 a5 98. Bh3 b4 99. Bf1 Nb7 100. Bc4 Nc5 101. Kc2 a4 102. Bf7 a3 103. Be8 Kc7 104. Bf7 Kd6 105. Bg8 Ke5 106. Bf7 Kd4 107. Bg8 Ke5 108. Bf7 Kd6 109. Bg8 Kc6 110. Bf7 Kb5 111. Be8+ Kc4 112. Bf7+ Kd4 113. Bg8 Ke5 1/2-1/2


[Site "https://www.chess.com"]

[Event "Titled Tuesday Blitz October 18 Late 2022"]
[White "Radovic, Janko"]
[Black "Ansh M Shah"]
[WhiteFideId "911518"]
[BlackFideId "25033379"]
[WhiteElo "2318"]
[BlackElo "2084"]
[Result "1-0"]
[Round "03"]
[TimeControl "180+1"]
[Date "2022.10.19"]
[WhiteClock "0:00:31"]
[BlackClock "0:00:09"]

1. Nf3 Nf6 2. c4 e6 3. g3 d5 4. Bg2 Be7 5. O-O O-O 6. b3 b6 7. Bb2 Bb7 8. e3 Nbd7 9. Nc3 c5 10. Qe2 Rc8 11. Rfd1 Qc7 12. cxd5 Nxd5 13. Rac1 Bf6 14. d4 Qb8 15. Nxd5 Bxd5 16. e4 Bb7 17. d5 Bxb2 18. Qxb2 exd5 19. exd5 Qd6 20. Nd2 Qf6 21. Qc2 Rcd8 22. Ne4 Qg6 23. Qb2 Rfe8 24. Nc3 Qf6 25. b4 cxb4 26. Qxb4 Ne5 27. Ne4 Qg6 28. Qb5 f5 29. Nc3 f4 30. Be4 Qf6 31. Qf1 Rf8 32. Rc2 Ng4 33. Qh3 fxg3 34. Qxh7+ Kf7 35. hxg3 Rh8 36. Qf5 Qxf5 37. Bxf5 Nf6 38. Be6+ Kg6 39. Ne2 Rd6 40. Nf4+ Kg5 41. Rc7 Ba8 42. Rxg7+ Kh6 43. Rg6+ Kh7 44. Rxf6 Kg7 45. Rf7+ Kh6 46. Kg2 Kg5 47. Rf5+ Kh6 48. Rh1+ Kg7 49. Rg5+ Kf6 50. Rg6+ Ke5 51. Rxh8 Rxe6 52. Rxe6+ Kd4 53. Rxa8 1-0


[Site "https://www.chess.com"]

[Event "Titled Tuesday Blitz October 18 Late 2022"]
[White "Rangel, Daniel"]
[Black "Fernandez Hernandez, Gerardo"]
[WhiteFideId "2124475"]
[BlackFideId "2207400"]
[WhiteElo "2225"]
[BlackElo "2195"]
[Result "1-0"]
[Round "03"]
[TimeControl "180+1"]
[Date "2022.10.19"]
[WhiteClock "0:00:27"]
[BlackClock "0:00:01"]

1. e4 e6 2. d4 d5 3. exd5 exd5 4. c4 Nf6 5. cxd5 Bb4+ 6. Nc3 O-O 7. Nf3 Bg4 8. Be2 Re8 9. O-O Nxd5 10. Bd2 Nc6 11. h3 Bh5 12. Re1 Nf6 13. a3 Bxc3 14. bxc3 Ne4 15. Qc2 Bg6 16. Bd3 Nxd2 17. Nxd2 Qd7 18. Nf1 Na5 19. Ne3 Bxd3 20. Qxd3 c5 21. d5 b5 22. Rad1 c4 23. Qe2 Nb3 24. Qf3 Rad8 25. Nf5 Nc5 26. Qg4 g6 27. Nh6+ Kg7 28. Qh4 Rxe1+ 29. Rxe1 Re8 30. Rd1 Re4 31. Ng4 f5 32. Qf6+ Kg8 33. Nh6# 1-0


[Site "https://www.chess.com"]

[Event "Titled Tuesday Blitz October 18 Late 2022"]
[White "Remolar Gallen, Jose"]
[Black "Von Buelow, Georg"]
[WhiteFideId "2215187"]
[BlackFideId "4620658"]
[WhiteElo "2214"]
[BlackElo "2236"]
[Result "1-0"]
[Round "03"]
[TimeControl "180+1"]
[Date "2022.10.19"]
[WhiteClock "0:01:15"]
[BlackClock "0:02:13"]

1. d4 Nf6 2. Nf3 d5 3. c4 e6 4. Nc3 dxc4 5. e3 a6 6. Bxc4 c5 7. O-O b5 8. Bb3 Bb7 9. Qe2 Nbd7 10. Rd1 Qc7 11. d5 exd5 12. Nxd5 Nxd5 13. Bxd5 Bxd5 14. Rxd5 Nf6 15. Re5+ Be7 16. e4 O-O 17. Bf4 Qb7 18. Re1 Bd6 19. Rf5 Bxf4 20. Rxf4 Rae8 21. e5 Nd5 22. Rh4 Ne7 23. Rxh7 Kxh7 24. Ng5+ Kg6 25. Qg4 1-0


[Site "https://www.chess.com"]

[Event "Titled Tuesday Blitz October 18 Late 2022"]
[White "Reprintsev, Alexander"]
[Black "Efremov, Vladislav"]
[WhiteFideId "14100541"]
[BlackFideId "44159935"]
[WhiteElo "2230"]
[BlackElo "2118"]
[Result "1-0"]
[Round "03"]
[TimeControl "180+1"]
[Date "2022.10.19"]
[WhiteClock "0:02:01"]
[BlackClock "0:02:25"]

1. e4 e5 2. f4 d5 3. exd5 exf4 4. Nf3 Nf6 5. Bb5+ c6 6. dxc6 bxc6 7. Bc4 Bc5 8. d4 Bb6 9. Qe2+ Qe7 10. Qxe7+ Kxe7 11. Bxf4 Rd8 12. c3 c5 13. dxc5 Bxc5 14. Nbd2 Bf5 15. O-O-O Nc6 16. Rhe1+ Kf8 17. Nb3 Bb6 18. h3 h5 19. Bd6+ Kg8 20. Ne5 Nxe5 21. Rxe5 Bg6 22. Bc5 Ne4 23. Bxb6 Rxd1+ 24. Kxd1 axb6 25. Nd4 Rxa2 26. Bxa2 1-0


[Site "https://www.chess.com"]